Workbook
Name A_1: #REF!
Name Agua: #REF!
Name Asfalto: #REF!
Name CompraDireta: #REF!
Name Cotacao: #REF!
Name Eletricidade: #REF!
Name Fluvial: #REF!
Name OCara: #REF!
Name Predial: #REF!
Name Spina: #REF!
Name V_1: #REF!

Sheet Orçamento
A1: Obra: | B1: Construção de Horta Municipal - Reservatório 10.000L
A2: Local: | B2: Rua Comandante Aristeu Cerqueira Leite, s/n.°, Jd. João Ballan II, Jahu/SP
A3: BDI 1: | B3: 0.21 | C3: <-- BDI para itens dos boletins de custo (CDHU, SINAPI/SP, FDE)
A4: BDI 2: | B4: 0.1384 | C4: <-- BDI para itens obtidos via cotações
A5: Jahu/SP, 25 de agosto de 2026
A6: Item | B6: Código | C6: Fonte | D6: Descrição | E6: Qtd | F6: Un. | G6: Preço Unitário sem BDI | H6: BDI | I6: Preço Unitário com BDI | J6: Preço Total com BDI
A7: 1. | B7: SERVIÇOS PRELIMINARES | J7: =SUM(J8:J15) -> 8481.64
A8: 1.1 | B8: 02.08.050 | C8: CDHU | D8: Placa em lona com impressão digital e estrutura em madeira | E8: 3 | F8: M2 | G8: 207.8 | H8: =$B$3 -> 0.21 | I8: =ROUND(G8*(1+H8),2) -> 251.44 | J8: =ROUND(I8*E8,2) -> 754.32
A9: 1.2 | B9: 02.01.180 | C9: CDHU | D9: Banheiro químico modelo Standard, com manutenção conforme exigências da CETESB | E9: 2 | F9: UNMES | G9: 1259.83 | H9: =$B$3 -> 0.21 | I9: =ROUND(G9*(1+H9),2) -> 1524.39 | J9: =ROUND(I9*E9,2) -> 3048.78
A10: 1.3 | B10: 02.02.150 | C10: CDHU | D10: Locação de container tipo depósito - área mínima de 13,80 m² | E10: 2 | F10: UNMES | G10: 1010.89 | H10: =$B$3 -> 0.21 | I10: =ROUND(G10*(1+H10),2) -> 1223.18 | J10: =ROUND(I10*E10,2) -> 2446.36
A11: 1.4 | B11: 98525 | C11: SINAPI | D11: LIMPEZA MECANIZADA DE CAMADA VEGETAL, VEGETAÇÃO E PEQUENAS ÁRVORES (DIÂMETRO DE TRONCO MENOR QUE 0,20 M), COM TRATOR DE ESTEIRAS. AF_03/2024 | E11: 200 | F11: M2 | G11: 0.76 | H11: =$B$3 -> 0.21 | I11: =ROUND(G11*(1+H11),2) -> 0.92 | J11: =ROUND(I11*E11,2) -> 184
A12: 1.5 | B12: 05.10.023 | C12: CDHU | D12: Transporte de solo de 1ª e 2ª categoria por caminhão para distâncias superiores ao 5° km até o 10° km | E12: 30 | F12: M3 | G12: 21.14 | H12: =$B$3 -> 0.21 | I12: =ROUND(G12*(1+H12),2) -> 25.58 | J12: =ROUND(I12*E12,2) -> 767.4
A13: 1.6 | B13: 6081 | C13: SINAPI-I | D13: ARGILA OU BARRO PARA ATERRO/REATERRO (COM TRANSPORTE ATE 10 KM) | E13: 5 | F13: M3 | G13: 57.41 | H13: =$B$3 -> 0.21 | I13: =ROUND(G13*(1+H13),2) -> 69.47 | J13: =ROUND(I13*E13,2) -> 347.35
A14: 1.7 | B14: 02.10.020 | C14: CDHU | D14: Locação de obra de edificação | E14: 29.25 | F14: M2 | G14: 18.68 | H14: =$B$3 -> 0.21 | I14: =ROUND(G14*(1+H14),2) -> 22.6 | J14: =ROUND(I14*E14,2) -> 661.05
A15: 1.8 | B15: 02.10.050 | C15: CDHU | D15: Locação para muros, cercas e alambrados | E15: 140.4 | F15: M | G15: 1.6 | H15: =$B$3 -> 0.21 | I15: =ROUND(G15*(1+H15),2) -> 1.94 | J15: =ROUND(I15*E15,2) -> 272.38
A16: 2. | B16: INFRAESTRUTURA | J16: =SUM(J17:J32) -> 10926.61
A17: 2.1 | B17: 12.01.021 | C17: CDHU | D17: Broca em concreto armado diâmetro de 20 cm - completa | E17: 30 | F17: M | G17: 75.47 | H17: =$B$3 -> 0.21 | I17: =ROUND(G17*(1+H17),2) -> 91.32 | J17: =ROUND(I17*E17,2) -> 2739.6
A18: 2.2 | B18: 96527 | C18: SINAPI | D18: ESCAVAÇÃO MANUAL PARA VIGA BALDRAME OU SAPATA CORRIDA (INCLUINDO ESCAVAÇÃO PARA COLOCAÇÃO DE FÔRMAS). AF_01/2024 | E18: 2.73 | F18: M3 | G18: 150.51 | H18: =$B$3 -> 0.21 | I18: =ROUND(G18*(1+H18),2) -> 182.12 | J18: =ROUND(I18*E18,2) -> 497.19
A19: 2.3 | B19: 96536 | C19: SINAPI | D19: FABRICAÇÃO, MONTAGEM E DESMONTAGEM DE FÔRMA PARA VIGA BALDRAME, EM MADEIRA SERRADA, E=25 MM, 4 UTILIZAÇÕES. AF_01/2024 | E19: 15.6 | F19: M2 | G19: 80.4 | H19: =$B$3 -> 0.21 | I19: =ROUND(G19*(1+H19),2) -> 97.28 | J19: =ROUND(I19*E19,2) -> 1517.57
A20: 2.4 | B20: 11.18.040 | C20: CDHU | D20: Lastro de pedra britada | E20: 0.26 | F20: M3 | G20: 224.12 | H20: =$B$3 -> 0.21 | I20: =ROUND(G20*(1+H20),2) -> 271.19 | J20: =ROUND(I20*E20,2) -> 70.51
A21: 2.5 | B21: 104919 | C21: SINAPI | D21: ARMAÇÃO DE SAPATA ISOLADA, VIGA BALDRAME E SAPATA CORRIDA UTILIZANDO AÇO CA-50 DE 10 MM - MONTAGEM. AF_01/2024 | E21: 64.17 | F21: KG | G21: 12.46 | H21: =$B$3 -> 0.21 | I21: =ROUND(G21*(1+H21),2) -> 15.08 | J21: =ROUND(I21*E21,2) -> 967.68
A22: 2.6 | B22: 104916 | C22: SINAPI | D22: ARMAÇÃO DE SAPATA ISOLADA, VIGA BALDRAME E SAPATA CORRIDA UTILIZANDO AÇO CA-60 DE 5 MM - MONTAGEM. AF_01/2024 | E22: 18.02 | F22: KG | G22: 18.3 | H22: =$B$3 -> 0.21 | I22: =ROUND(G22*(1+H22),2) -> 22.14 | J22: =ROUND(I22*E22,2) -> 398.96
A23: 2.7 | B23: 96557 | C23: SINAPI | D23: CONCRETAGEM DE BLOCO DE COROAMENTO OU VIGA BALDRAME, FCK 30 MPA, COM USO DE BOMBA - LANÇAMENTO, ADENSAMENTO E ACABAMENTO. AF_01/2024 | E23: 1.56 | F23: M3 | G23: 710.11 | H23: =$B$3 -> 0.21 | I23: =ROUND(G23*(1+H23),2) -> 859.23 | J23: =ROUND(I23*E23,2) -> 1340.4
A24: 2.8 | B24: 98557 | C24: SINAPI | D24: IMPERMEABILIZAÇÃO DE SUPERFÍCIE COM EMULSÃO ASFÁLTICA, 2 DEMÃOS. AF_09/2023 | E24: 20.8 | F24: M2 | G24: 46.81 | H24: =$B$3 -> 0.21 | I24: =ROUND(G24*(1+H24),2) -> 56.64 | J24: =ROUND(I24*E24,2) -> 1178.11
B25: Pilares do Portão / Área de vendas - Muro
A26: 2.9 | B26: 12.01.021 | C26: CDHU | D26: Broca em concreto armado diâmetro de 20 cm - completa | E26: 14 | F26: M | G26: 75.47 | H26: =$B$3 -> 0.21 | I26: =ROUND(G26*(1+H26),2) -> 91.32 | J26: =ROUND(I26*E26,2) -> 1278.48
A27: 2.10 | B27: 96527 | C27: SINAPI | D27: ESCAVAÇÃO MANUAL PARA VIGA BALDRAME OU SAPATA CORRIDA (INCLUINDO ESCAVAÇÃO PARA COLOCAÇÃO DE FÔRMAS). AF_01/2024 | E27: 0.61 | F27: M3 | G27: 150.51 | H27: =$B$3 -> 0.21 | I27: =ROUND(G27*(1+H27),2) -> 182.12 | J27: =ROUND(I27*E27,2) -> 111.09
A28: 2.11 | B28: 11.18.040 | C28: CDHU | D28: Lastro de pedra britada | E28: 0.07 | F28: M3 | G28: 224.12 | H28: =$B$3 -> 0.21 | I28: =ROUND(G28*(1+H28),2) -> 271.19 | J28: =ROUND(I28*E28,2) -> 18.98
A29: 2.12 | B29: 104919 | C29: SINAPI | D29: ARMAÇÃO DE SAPATA ISOLADA, VIGA BALDRAME E SAPATA CORRIDA UTILIZANDO AÇO CA-50 DE 10 MM - MONTAGEM. AF_01/2024 | E29: 16.78 | F29: KG | G29: 12.46 | H29: =$B$3 -> 0.21 | I29: =ROUND(G29*(1+H29),2) -> 15.08 | J29: =ROUND(I29*E29,2) -> 253.04
A30: 2.13 | B30: 104916 | C30: SINAPI | D30: ARMAÇÃO DE SAPATA ISOLADA, VIGA BALDRAME E SAPATA CORRIDA UTILIZANDO AÇO CA-60 DE 5 MM - MONTAGEM. AF_01/2024 | E30: 3.67 | F30: KG | G30: 18.3 | H30: =$B$3 -> 0.21 | I30: =ROUND(G30*(1+H30),2) -> 22.14 | J30: =ROUND(I30*E30,2) -> 81.25
A31: 2.14 | B31: 96557 | C31: SINAPI | D31: CONCRETAGEM DE BLOCO DE COROAMENTO OU VIGA BALDRAME, FCK 30 MPA, COM USO DE BOMBA - LANÇAMENTO, ADENSAMENTO E ACABAMENTO. AF_01/2024 | E31: 0.26 | F31: M3 | G31: 710.11 | H31: =$B$3 -> 0.21 | I31: =ROUND(G31*(1+H31),2) -> 859.23 | J31: =ROUND(I31*E31,2) -> 223.4
A32: 2.15 | B32: 98557 | C32: SINAPI | D32: IMPERMEABILIZAÇÃO DE SUPERFÍCIE COM EMULSÃO ASFÁLTICA, 2 DEMÃOS. AF_09/2023 | E32: 4.42 | F32: M2 | G32: 46.81 | H32: =$B$3 -> 0.21 | I32: =ROUND(G32*(1+H32),2) -> 56.64 | J32: =ROUND(I32*E32,2) -> 250.35
A33: 3. | B33: SUPERESTRUTURA | J33: =SUM(J34:J47) -> 20670.04
A34: 3.1 | B34: 103358 | C34: SINAPI | D34: ALVENARIA DE VEDAÇÃO DE BLOCOS CERÂMICOS FURADOS NA HORIZONTAL DE 11,5X19X29 CM (ESPESSURA 11,5 CM) E ARGAMASSA DE ASSENTAMENTO COM PREPARO EM BETONEIRA. AF_12/2021 | E34: 71.33 | F34: M2 | G34: 88.12 | H34: =$B$3 -> 0.21 | I34: =ROUND(G34*(1+H34),2) -> 106.63 | J34: =ROUND(I34*E34,2) -> 7605.92
A35: 3.2 | B35: 92431 | C35: SINAPI | D35: MONTAGEM E DESMONTAGEM DE FÔRMA DE PILARES RETANGULARES E ESTRUTURAS SIMILARES, PÉ-DIREITO SIMPLES, EM CHAPA DE MADEIRA COMPENSADA PLASTIFICADA. AF_09/2020 | E35: 18.12 | F35: M2 | G35: 69.23 | H35: =$B$3 -> 0.21 | I35: =ROUND(G35*(1+H35),2) -> 83.77 | J35: =ROUND(I35*E35,2) -> 1517.91
A36: 3.3 | B36: 92762 | C36: SINAPI | D36: ARMAÇÃO DE PILAR OU VIGA DE ESTRUTURA CONVENCIONAL DE CONCRETO ARMADO UTILIZANDO AÇO CA-50 DE 10,0 MM - MONTAGEM. AF_06/2022 | E36: 69.1 | F36: KG | G36: 10.1 | H36: =$B$3 -> 0.21 | I36: =ROUND(G36*(1+H36),2) -> 12.22 | J36: =ROUND(I36*E36,2) -> 844.4
A37: 3.4 | B37: 92759 | C37: SINAPI | D37: ARMAÇÃO DE PILAR OU VIGA DE ESTRUTURA CONVENCIONAL DE CONCRETO ARMADO UTILIZANDO AÇO CA-60 DE 5,0 MM - MONTAGEM. AF_06/2022 | E37: 18.33 | F37: KG | G37: 14.58 | H37: =$B$3 -> 0.21 | I37: =ROUND(G37*(1+H37),2) -> 17.64 | J37: =ROUND(I37*E37,2) -> 323.34
A38: 3.5 | B38: 103669 | C38: SINAPI | D38: CONCRETAGEM DE PILARES, FCK = 25 MPA, COM USO DE BALDES - LANÇAMENTO, ADENSAMENTO E ACABAMENTO. AF_02/2022 (Colunas e Pilar da área) | E38: 1.16 | F38: M3 | G38: 1050.16 | H38: =$B$3 -> 0.21 | I38: =ROUND(G38*(1+H38),2) -> 1270.69 | J38: =ROUND(I38*E38,2) -> 1474
A39: 3.6 | B39: 13.01.130 | C39: CDHU | D39: Laje pré-fabricada mista vigota treliçada/lajota cerâmica - LT 12 (8+4) e capa com concreto de 25 MPa | E39: 23.1 | F39: M2 | G39: 159.02 | H39: =$B$3 -> 0.21 | I39: =ROUND(G39*(1+H39),2) -> 192.41 | J39: =ROUND(I39*E39,2) -> 4444.67
A40: 3.7 | B40: 105021 | C40: SINAPI | D40: VERGA PRÉ-MOLDADA COM ATÉ 1,5 M DE VÃO, ESPESSURA DE *15* CM. AF_03/2024 | E40: 8.5 | F40: M | G40: 27 | H40: =$B$3 -> 0.21 | I40: =ROUND(G40*(1+H40),2) -> 32.67 | J40: =ROUND(I40*E40,2) -> 277.7
A41: 3.8 | B41: 105027 | C41: SINAPI | D41: CONTRAVERGA PRÉ-MOLDADA, ESPESSURA DE *15* CM. AF_03/2024 | E41: 5 | F41: M | G41: 26.54 | H41: =$B$3 -> 0.21 | I41: =ROUND(G41*(1+H41),2) -> 32.11 | J41: =ROUND(I41*E41,2) -> 160.55
A42: 3.9 | B42: 105034 | C42: SINAPI | D42: CINTA DE AMARRAÇÃO DE ALVENARIA MOLDADA IN LOCO COM UTILIZAÇÃO DE BLOCOS CANALETA, ESPESSURA DE *10* CM. AF_03/2024 | E42: 26 | F42: M | G42: 54.05 | H42: =$B$3 -> 0.21 | I42: =ROUND(G42*(1+H42),2) -> 65.4 | J42: =ROUND(I42*E42,2) -> 1700.4
B43: Pilares do Portão / Área de vendas / Muro
A44: 3.10 | B44: 92762 | C44: SINAPI | D44: ARMAÇÃO DE PILAR OU VIGA DE ESTRUTURA CONVENCIONAL DE CONCRETO ARMADO UTILIZANDO AÇO CA-50 DE 10,0 MM - MONTAGEM. AF_06/2022 | E44: 39.24 | F44: KG | G44: 10.1 | H44: =$B$3 -> 0.21 | I44: =ROUND(G44*(1+H44),2) -> 12.22 | J44: =ROUND(I44*E44,2) -> 479.51
A45: 3.11 | B45: 92759 | C45: SINAPI | D45: ARMAÇÃO DE PILAR OU VIGA DE ESTRUTURA CONVENCIONAL DE CONCRETO ARMADO UTILIZANDO AÇO CA-60 DE 5,0 MM - MONTAGEM. AF_06/2022 | E45: 10.61 | F45: KG | G45: 14.58 | H45: =$B$3 -> 0.21 | I45: =ROUND(G45*(1+H45),2) -> 17.64 | J45: =ROUND(I45*E45,2) -> 187.16
A46: 3.12 | B46: 103669 | C46: SINAPI | D46: CONCRETAGEM DE PILARES, FCK = 25 MPA, COM USO DE BALDES - LANÇAMENTO, ADENSAMENTO E ACABAMENTO. AF_02/2022 | E46: 0.46 | F46: M3 | G46: 1050.16 | H46: =$B$3 -> 0.21 | I46: =ROUND(G46*(1+H46),2) -> 1270.69 | J46: =ROUND(I46*E46,2) -> 584.52
A47: 3.13 | B47: 103356 | C47: SINAPI | D47: ALVENARIA DE VEDAÇÃO DE BLOCOS CERÂMICOS FURADOS NA HORIZONTAL DE 9X19X29 CM (ESPESSURA 9 CM) E ARGAMASSA DE ASSENTAMENTO COM PREPARO EM BETONEIRA. AF_12/2021 | E47: 12.16 | F47: M2 | G47: 72.72 | H47: =$B$3 -> 0.21 | I47: =ROUND(G47*(1+H47),2) -> 87.99 | J47: =ROUND(I47*E47,2) -> 1069.96
A48: 4. | B48: COBERTURA | J48: =SUM(J49:J57) -> 11777.91
A49: 4.1 | B49: 92539 | C49: SINAPI | D49: TRAMA DE MADEIRA COMPOSTA POR RIPAS, CAIBROS E TERÇAS PARA TELHADOS DE ATÉ 2 ÁGUAS PARA TELHA CERÂMICA OU DE CONCRETO, INCLUSO TRANSPORTE VERTICAL. AF_10/2025 | E49: 37.8 | F49: M2 | G49: 111 | H49: =$B$3 -> 0.21 | I49: =ROUND(G49*(1+H49),2) -> 134.31 | J49: =ROUND(I49*E49,2) -> 5076.92
A50: 4.2 | B50: 105087 | C50: SINAPI | D50: VIGA DE MADEIRA SERRADA, MAÇARANDUBA OU EQUIVALENTE DA REGIÃO, NÃO APARELHADA, SEÇÃO RETANGULAR 6 X 30 CM. AF_03/2024 | E50: 4.5 | F50: M | G50: 116.12 | H50: =$B$3 -> 0.21 | I50: =ROUND(G50*(1+H50),2) -> 140.51 | J50: =ROUND(I50*E50,2) -> 632.3
A51: 4.3 | B51: 16.02.030 | C51: CDHU | D51: Telha de barro tipo romana | E51: 40.82 | F51: M2 | G51: 75.24 | H51: =$B$3 -> 0.21 | I51: =ROUND(G51*(1+H51),2) -> 91.04 | J51: =ROUND(I51*E51,2) -> 3716.25
A52: 4.4 | B52: 22.01.210 | C52: CDHU | D52: Testeira em tábua aparelhada, largura até 20cm | E52: 17.6 | F52: M | G52: 42.3 | H52: =$B$3 -> 0.21 | I52: =ROUND(G52*(1+H52),2) -> 51.18 | J52: =ROUND(I52*E52,2) -> 900.77
A53: 4.5 | B53: 16.02.120 | C53: CDHU | D53: Emboçamento de beiral em telhas de barro | E53: 7.4 | F53: M | G53: 18.03 | H53: =$B$3 -> 0.21 | I53: =ROUND(G53*(1+H53),2) -> 21.82 | J53: =ROUND(I53*E53,2) -> 161.47
A54: 4.6 | B54: 16.02.230 | C54: CDHU | D54: Cumeeira de barro emboçado tipos: plan, romana, italiana, francesa e paulistinha | E54: 8.4 | F54: M | G54: 35.88 | H54: =$B$3 -> 0.21 | I54: =ROUND(G54*(1+H54),2) -> 43.41 | J54: =ROUND(I54*E54,2) -> 364.64
B55: Área de vendas
A56: 4.7 | B56: 92543 | C56: SINAPI | D56: TRAMA DE MADEIRA COMPOSTA POR TERÇAS PARA TELHADOS DE ATÉ 2 ÁGUAS PARA TELHA ONDULADA DE FIBROCIMENTO, METÁLICA, PLÁSTICA OU TERMOACÚSTICA, INCLUSO TRANSPORTE VERTICAL. AF_10/2025 | E56: 9 | F56: M2 | G56: 33.77 | H56: =$B$3 -> 0.21 | I56: =ROUND(G56*(1+H56),2) -> 40.86 | J56: =ROUND(I56*E56,2) -> 367.74
A57: 4.8 | B57: 94210 | C57: SINAPI | D57: TELHAMENTO COM TELHA ONDULADA DE FIBROCIMENTO E = 6 MM, COM RECOBRIMENTO LATERAL DE 1 1/4 DE ONDA PARA TELHADO COM INCLINAÇÃO MÁXIMA DE 10°, COM ATÉ 2 ÁGUAS, INCLUSO IÇAMENTO. AF_07/2019 | E57: 9 | F57: M2 | G57: 51.22 | H57: =$B$3 -> 0.21 | I57: =ROUND(G57*(1+H57),2) -> 61.98 | J57: =ROUND(I57*E57,2) -> 557.82
A58: 5. | B58: PISOS E REVESTIMENTOS | J58: =SUM(J59:J78) -> 24449.87
A59: 5.1 | B59: 17.02.020 | C59: CDHU | D59: Chapisco (Paredes externas - Pilar da área - Muro e Área de vendas) | E59: 96.67 | F59: M2 | G59: 8.27 | H59: =$B$3 -> 0.21 | I59: =ROUND(G59*(1+H59),2) -> 10.01 | J59: =ROUND(I59*E59,2) -> 967.67
A60: 5.2 | B60: 17.02.140 | C60: CDHU | D60: Emboço desempenado com espuma de poliéster (Paredes externas - Pilar da área - Muro e Área de vendas) | E60: 96.67 | F60: M2 | G60: 31.91 | H60: =$B$3 -> 0.21 | I60: =ROUND(G60*(1+H60),2) -> 38.61 | J60: =ROUND(I60*E60,2) -> 3732.43
A61: 5.3 | B61: 17.02.020 | C61: CDHU | D61: Chapisco (Paredes Internas) | E61: 79.52 | F61: M2 | G61: 8.27 | H61: =$B$3 -> 0.21 | I61: =ROUND(G61*(1+H61),2) -> 10.01 | J61: =ROUND(I61*E61,2) -> 796
A62: 5.4 | B62: 17.02.120 | C62: CDHU | D62: Emboço comum (Paredes WC) | E62: 17.92 | F62: M2 | G62: 26.1 | H62: =$B$3 -> 0.21 | I62: =ROUND(G62*(1+H62),2) -> 31.58 | J62: =ROUND(I62*E62,2) -> 565.91
A63: 5.5 | B63: 17.02.140 | C63: CDHU | D63: Emboço desempenado com espuma de poliéster (Paredes Internas) | E63: 61.6 | F63: M2 | G63: 31.91 | H63: =$B$3 -> 0.21 | I63: =ROUND(G63*(1+H63),2) -> 38.61 | J63: =ROUND(I63*E63,2) -> 2378.38
A64: 5.6 | B64: 17.02.020 | C64: CDHU | D64: Chapisco (Lajes) | E64: 17.9 | F64: M2 | G64: 8.27 | H64: =$B$3 -> 0.21 | I64: =ROUND(G64*(1+H64),2) -> 10.01 | J64: =ROUND(I64*E64,2) -> 179.18
A65: 5.7 | B65: 17.02.140 | C65: CDHU | D65: Emboço desempenado com espuma de poliéster (Laje) | E65: 17.9 | F65: M2 | G65: 31.91 | H65: =$B$3 -> 0.21 | I65: =ROUND(G65*(1+H65),2) -> 38.61 | J65: =ROUND(I65*E65,2) -> 691.12
A66: 5.8 | B66: 87298 | C66: SINAPI | D66: ARGAMASSA TRAÇO 1:3 (EM VOLUME DE CIMENTO E AREIA MÉDIA ÚMIDA) PARA CONTRAPISO, PREPARO MECÂNICO COM BETONEIRA 400 L. AF_08/2019 (Contrapiso) | E66: 1.2 | F66: M3 | G66: 683.68 | H66: =$B$3 -> 0.21 | I66: =ROUND(G66*(1+H66),2) -> 827.25 | J66: =ROUND(I66*E66,2) -> 992.7
A67: 5.9 | B67: 18.06.152 | C67: CDHU | D67: Placa cerâmica esmaltada PEI-4 para área interna com saída para o exterior, grupo de absorção BIIb, tráfego médio, assentado com argamassa colante industrializada | E67: 24.05 | F67: M2 | G67: 59.02 | H67: =$B$3 -> 0.21 | I67: =ROUND(G67*(1+H67),2) -> 71.41 | J67: =ROUND(I67*E67,2) -> 1717.41
A68: 5.10 | B68: 18.06.153 | C68: CDHU | D68: Rodapé em placa cerâmica esmaltada PEI-4 para área interna com saída para o exterior, grupo de absorção BIIb, tráfego médio, assentado com argamassa colante industrializada | E68: 26.6 | F68: M | G68: 7.98 | H68: =$B$3 -> 0.21 | I68: =ROUND(G68*(1+H68),2) -> 9.66 | J68: =ROUND(I68*E68,2) -> 256.96
A69: 5.11 | B69: 18.06.410 | C69: CDHU | D69: Rejuntamento em placas cerâmicas com argamassa industrializada para rejunte, juntas acima de 3 até 5 mm | E69: 24.05 | F69: M2 | G69: 15.14 | H69: =$B$3 -> 0.21 | I69: =ROUND(G69*(1+H69),2) -> 18.32 | J69: =ROUND(I69*E69,2) -> 440.6
A70: 5.12 | B70: 18.06.510 | C70: CDHU | D70: Rejuntamento de rodapé em placas cerâmicas com argamassa industrializada para rejunte, altura até 10 cm, juntas acima de 3 até 5 mm | E70: 26.6 | F70: M | G70: 1.66 | H70: =$B$3 -> 0.21 | I70: =ROUND(G70*(1+H70),2) -> 2.01 | J70: =ROUND(I70*E70,2) -> 53.47
A71: 5.13 | B71: 98689 | C71: SINAPI | D71: SOLEIRA EM GRANITO, LARGURA 15 CM, ESPESSURA 2,0 CM. AF_02/2026 | E71: 2.3 | F71: M | G71: 143.47 | H71: =$B$3 -> 0.21 | I71: =ROUND(G71*(1+H71),2) -> 173.6 | J71: =ROUND(I71*E71,2) -> 399.28
A72: 5.14 | B72: 87273 | C72: SINAPI | D72: REVESTIMENTO CERÂMICO PARA PAREDES INTERNAS COM PLACAS TIPO ESMALTADA DE DIMENSÕES 33X45 CM APLICADAS NA ALTURA INTEIRA DAS PAREDES. AF_02/2023_PE | E72: 17.25 | F72: M2 | G72: 71.37 | H72: =$B$3 -> 0.21 | I72: =ROUND(G72*(1+H72),2) -> 86.36 | J72: =ROUND(I72*E72,2) -> 1489.71
A73: 5.15 | B73: 17.05.070 | C73: CDHU | D73: Piso com requadro em concreto simples com controle de fck= 20 MPa (Piso cimentado desempenado interno e=6cm) | E73: 1.08 | F73: M3 | G73: 1107.49 | H73: =$B$3 -> 0.21 | I73: =ROUND(G73*(1+H73),2) -> 1340.06 | J73: =ROUND(I73*E73,2) -> 1447.26
B74: Calçada
A75: 5.16 | B75: 94991 | C75: SINAPI | D75: EXECUÇÃO DE PASSEIO (CALÇADA) OU PISO DE CONCRETO COM CONCRETO MOLDADO IN LOCO, USINADO C20, ACABAMENTO CONVENCIONAL, NÃO ARMADO. AF_08/2022 (Calçada) | E75: 5.4 | F75: M3 | G75: 739.42 | H75: =$B$3 -> 0.21 | I75: =ROUND(G75*(1+H75),2) -> 894.7 | J75: =ROUND(I75*E75,2) -> 4831.38
A76: 5.17 | B76: 94276 | C76: SINAPI | D76: ASSENTAMENTO DE GUIA (MEIO-FIO) EM TRECHO CURVO, CONFECCIONADA EM CONCRETO PRÉ-FABRICADO, DIMENSÕES 100X15X13X20 CM (COMPRIMENTO X BASE INFERIOR X BASE SUPERIOR X ALTURA). AF_01/2024 | E76: 9 | F76: M | G76: 49.05 | H76: =$B$3 -> 0.21 | I76: =ROUND(G76*(1+H76),2) -> 59.35 | J76: =ROUND(I76*E76,2) -> 534.15
A77: 5.18 | B77: 94995 | C77: SINAPI | D77: EXECUÇÃO DE PASSEIO (CALÇADA) OU PISO DE CONCRETO COM CONCRETO MOLDADO IN LOCO, USINADO, ACABAMENTO CONVENCIONAL, ESPESSURA 8 CM, ARMADO. AF_08/2022 (Rebaixo e entrada de veículos) | E77: 14.3 | F77: M2 | G77: 89.14 | H77: =$B$3 -> 0.21 | I77: =ROUND(G77*(1+H77),2) -> 107.86 | J77: =ROUND(I77*E77,2) -> 1542.4
A78: 5.19 | B78: 17.05.070 | C78: CDHU | D78: Piso com requadro em concreto simples com controle de fck= 20 MPa (Piso cimentado desempenado interno e=6cm) | E78: 1.07 | F78: M3 | G78: 1107.49 | H78: =$B$3 -> 0.21 | I78: =ROUND(G78*(1+H78),2) -> 1340.06 | J78: =ROUND(I78*E78,2) -> 1433.86
A79: 6. | B79: ESQUADRIAS | J79: =SUM(J80:J89) -> 45939.79
A80: 6.1 | B80: 25.02.050 | C80: CDHU | D80: Porta de abrir veneziana em alumínio - linha comercial | E80: 4.83 | F80: M2 | G80: 449.96 | H80: =$B$3 -> 0.21 | I80: =ROUND(G80*(1+H80),2) -> 544.45 | J80: =ROUND(I80*E80,2) -> 2629.69
A81: 6.2 | B81: 25.01.030 | C81: CDHU | D81: Caixilho basculante em aluminio anodizado com vidro - linha comercial | E81: 1.44 | F81: M2 | G81: 472.41 | H81: =$B$3 -> 0.21 | I81: =ROUND(G81*(1+H81),2) -> 571.62 | J81: =ROUND(I81*E81,2) -> 823.13
A82: 6.3 | B82: 25.01.090 | C82: CDHU | D82: Caixilho veneziana em alumínio anodizado com vidro - linha comercial | E82: 1.5 | F82: M2 | G82: 474.07 | H82: =$B$3 -> 0.21 | I82: =ROUND(G82*(1+H82),2) -> 573.62 | J82: =ROUND(I82*E82,2) -> 860.43
A83: 6.4 | B83: 100701 | C83: SINAPI | D83: PORTA DE FERRO, DE ABRIR, TIPO GRADE, COM GUARNIÇÕES. AF_10/2025 | E83: 1.94 | F83: M2 | G83: 660.57 | H83: =$B$3 -> 0.21 | I83: =ROUND(G83*(1+H83),2) -> 799.29 | J83: =ROUND(I83*E83,2) -> 1550.62
A84: 6.5 | B84: 99861 | C84: SINAPI | D84: GRADIL EM AÇO FIXADO EM VÃOS DE JANELAS, FORMADO POR BARRAS CHATAS DE 25X4,8 MM. AF_10/2025 | E84: 1.76 | F84: M2 | G84: 622.31 | H84: =$B$3 -> 0.21 | I84: =ROUND(G84*(1+H84),2) -> 753 | J84: =ROUND(I84*E84,2) -> 1325.28
B85: Fechamento / Portão / Área de Vendas
A86: 6.6 | B86: 98522 | C86: SINAPI | D86: ALAMBRADO EM MOURÕES DE CONCRETO, COM TELA DE ARAME GALVANIZADO (INCLUSIVE MURETA EM CONCRETO). AF_12/2025 | E86: 131 | F86: M | G86: 183.26 | H86: =$B$3 -> 0.21 | I86: =ROUND(G86*(1+H86),2) -> 221.74 | J86: =ROUND(I86*E86,2) -> 29047.94
A87: 6.7 | B87: 06.80.025. | C87: FDE | D87: PORTAO DE 2 FOLHAS DE TUBO E TELA GALVANIZADOS COM PORTA CADEADO | E87: 8 | F87: M2 | G87: 781.59 | H87: =$B$3 -> 0.21 | I87: =ROUND(G87*(1+H87),2) -> 945.72 | J87: =ROUND(I87*E87,2) -> 7565.76
A88: 6.8 | B88: 06.80.023. | C88: FDE | D88: PORTAO DE 1 FOLHA DE TUBOS E TELA GALVANIZADOS COM PORTA CADEADO | E88: 1.89 | F88: M2 | G88: 820.86 | H88: =$B$3 -> 0.21 | I88: =ROUND(G88*(1+H88),2) -> 993.24 | J88: =ROUND(I88*E88,2) -> 1877.22
A89: 6.9 | B89: 28.05.060 | C89: CDHU | D89: Cadeado de latão com cilindro - trava dupla - 50mm | E89: 4 | F89: UN | G89: 53.66 | H89: =$B$3 -> 0.21 | I89: =ROUND(G89*(1+H89),2) -> 64.93 | J89: =ROUND(I89*E89,2) -> 259.72
A90: 7. | B90: PINTURA | J90: =SUM(J91:J94) -> 8853
A91: 7.1 | B91: 33.10.020 | C91: CDHU | D91: Tinta látex em massa, inclusive preparo | E91: 139.05 | F91: M2 | G91: 33.56 | H91: =$B$3 -> 0.21 | I91: =ROUND(G91*(1+H91),2) -> 40.61 | J91: =ROUND(I91*E91,2) -> 5646.82
A92: 7.2 | B92: 33.11.050 | C92: CDHU | D92: Esmalte à base água em superfície metálica, inclusive preparo (Portões, porta e grade de proteção) | E92: 11.84 | F92: M2 | G92: 55.3 | H92: =$B$3 -> 0.21 | I92: =ROUND(G92*(1+H92),2) -> 66.91 | J92: =ROUND(I92*E92,2) -> 792.21
A93: 7.3 | B93: 33.10.041 | C93: CDHU | D93: Esmalte à base de água em massa, inclusive preparo (Barrado h=1,00) | E93: 37.11 | F93: M2 | G93: 40.87 | H93: =$B$3 -> 0.21 | I93: =ROUND(G93*(1+H93),2) -> 49.45 | J93: =ROUND(I93*E93,2) -> 1835.09
A94: 7.4 | B94: 102213 | C94: SINAPI | D94: PINTURA VERNIZ (INCOLOR) ALQUÍDICO EM MADEIRA, USO INTERNO E EXTERNO, 2 DEMÃOS. AF_01/2021 (Beiral de telhado aparente e Testeiras) | E94: 18.85 | F94: M2 | G94: 25.38 | H94: =$B$3 -> 0.21 | I94: =ROUND(G94*(1+H94),2) -> 30.71 | J94: =ROUND(I94*E94,2) -> 578.88
A95: 8. | B95: INSTALAÇÕES ELÉTRICAS | J95: =SUM(J97:J161) -> 16946.66
B96: Entrada de Energia
A97: 8.1 | B97: 101498 | C97: SINAPI | D97: ENTRADA DE ENERGIA ELÉTRICA, AÉREA, BIFÁSICA, COM CAIXA DE SOBREPOR, CABO DE 16 MM2 E DISJUNTOR DIN 50A (NÃO INCLUSO O POSTE DE CONCRETO). AF_12/2025 | E97: 1 | F97: UN | G97: 2315.37 | H97: =$B$3 -> 0.21 | I97: =ROUND(G97*(1+H97),2) -> 2801.6 | J97: =ROUND(I97*E97,2) -> 2801.6
A98: 8.2 | B98: 24.02.040 | C98: CDHU | D98: Porta/portão tipo gradil sob medida | E98: 0.6 | F98: M2 | G98: 962.91 | H98: =$B$3 -> 0.21 | I98: =ROUND(G98*(1+H98),2) -> 1165.12 | J98: =ROUND(I98*E98,2) -> 699.07
A99: 8.3 | B99: 33.11.050 | C99: CDHU | D99: Esmalte à base água em superfície metálica, inclusive preparo | E99: 1 | F99: M2 | G99: 55.3 | H99: =$B$3 -> 0.21 | I99: =ROUND(G99*(1+H99),2) -> 66.91 | J99: =ROUND(I99*E99,2) -> 66.91
A100: 8.4 | B100: 28.05.060 | C100: CDHU | D100: Cadeado de latão com cilindro - trava dupla - 50mm | E100: 2 | F100: UN | G100: 53.66 | H100: =$B$3 -> 0.21 | I100: =ROUND(G100*(1+H100),2) -> 64.93 | J100: =ROUND(I100*E100,2) -> 129.86
...

Sheet Cronograma
A1: =_xlfn.CONCAT(Orçamento!A1, " ", Orçamento!B1) -> Obra: Construção de Horta Municipal - Reservatório 10.000L
A2: =_xlfn.CONCAT(Orçamento!A2, " ", Orçamento!B2) -> Local: Rua Comandante Aristeu Cerqueira Leite, s/n.°, Jd. João Ballan II, Jahu/SP
A3: =Orçamento!A5 -> Jahu/SP, 25 de agosto de 2026
A4: Item | B4: Descrição | C4: Valor em R$ | D4: 1º Mês | F4: 2º Mês | H4: 3º Mês
D5: % | E5: R$ | F5: % | G5: R$ | H5: % | I5: R$
A6: =Orçamento!A7 -> 1. | B6: =VLOOKUP(A6, Orçamento!A$6:K$1375, 2, FALSE()) -> SERVIÇOS PRELIMINARES | C6: =VLOOKUP(A6, Orçamento!A$6:K$1375, 10, FALSE()) -> 8481.64 | D6: 1 | E6: =$C6*D6 -> 8481.64 | G6: =$C6*F6 -> 0 | I6: =$C6*H6 -> 0
A7: 2. | B7: =VLOOKUP(A7, Orçamento!A$6:K$1375, 2, FALSE()) -> INFRAESTRUTURA | C7: =VLOOKUP(A7, Orçamento!A$6:K$1375, 10, FALSE()) -> 10926.61 | D7: 1 | E7: =$C7*D7 -> 10926.61 | G7: =$C7*F7 -> 0 | I7: =$C7*H7 -> 0
A8: 3. | B8: =VLOOKUP(A8, Orçamento!A$6:K$1375, 2, FALSE()) -> SUPERESTRUTURA | C8: =VLOOKUP(A8, Orçamento!A$6:K$1375, 10, FALSE()) -> 20670.04 | D8: 0.5 | E8: =$C8*D8 -> 10335.02 | F8: 0.5 | G8: =$C8*F8 -> 10335.02 | I8: =$C8*H8 -> 0
A9: 4. | B9: =VLOOKUP(A9, Orçamento!A$6:K$1375, 2, FALSE()) -> COBERTURA | C9: =VLOOKUP(A9, Orçamento!A$6:K$1375, 10, FALSE()) -> 11777.91 | E9: =$C9*D9 -> 0 | F9: 1 | G9: =$C9*F9 -> 11777.91 | I9: =$C9*H9 -> 0
A10: 5. | B10: =VLOOKUP(A10, Orçamento!A$6:K$1375, 2, FALSE()) -> PISOS E REVESTIMENTOS | C10: =VLOOKUP(A10, Orçamento!A$6:K$1375, 10, FALSE()) -> 24449.87 | E10: =$C10*D10 -> 0 | F10: 0.4 | G10: =$C10*F10 -> 9779.948 | H10: 0.6 | I10: =$C10*H10 -> 14669.922
A11: 6. | B11: =VLOOKUP(A11, Orçamento!A$6:K$1375, 2, FALSE()) -> ESQUADRIAS | C11: =VLOOKUP(A11, Orçamento!A$6:K$1375, 10, FALSE()) -> 45939.79 | D11: 0.4 | E11: =$C11*D11 -> 18375.916 | F11: 0.6 | G11: =$C11*F11 -> 27563.874 | H11: 0 | I11: =$C11*H11 -> 0
A12: 7. | B12: =VLOOKUP(A12, Orçamento!A$6:K$1375, 2, FALSE()) -> PINTURA | C12: =VLOOKUP(A12, Orçamento!A$6:K$1375, 10, FALSE()) -> 8853 | E12: =$C12*D12 -> 0 | G12: =$C12*F12 -> 0 | H12: 1 | I12: =$C12*H12 -> 8853
A13: 8. | B13: =VLOOKUP(A13, Orçamento!A$6:K$1375, 2, FALSE()) -> INSTALAÇÕES ELÉTRICAS | C13: =VLOOKUP(A13, Orçamento!A$6:K$1375, 10, FALSE()) -> 16946.66 | D13: 0.2 | E13: =$C13*D13 -> 3389.332 | F13: 0.3 | G13: =$C13*F13 -> 5083.998 | H13: 0.5 | I13: =$C13*H13 -> 8473.33
A14: 9. | B14: =VLOOKUP(A14, Orçamento!A$6:K$1375, 2, FALSE()) -> ÁGUA FRIA E ESGOTO | C14: =VLOOKUP(A14, Orçamento!A$6:K$1375, 10, FALSE()) -> 6879.01 | D14: 0.6 | E14: =$C14*D14 -> 4127.406 | F14: 0.4 | G14: =$C14*F14 -> 2751.604 | I14: =$C14*H14 -> 0
A15: 10. | B15: =VLOOKUP(A15, Orçamento!A$6:K$1375, 2, FALSE()) -> BANCADA / LOUÇAS E METAIS | C15: =VLOOKUP(A15, Orçamento!A$6:K$1375, 10, FALSE()) -> 4337.42 | E15: =$C15*D15 -> 0 | G15: =$C15*F15 -> 0 | H15: 1 | I15: =$C15*H15 -> 4337.42
A16: 11. | B16: =VLOOKUP(A16, Orçamento!A$6:K$1375, 2, FALSE()) -> BASE RESERVATÓRIO / ABRIGO DA BOMBA | C16: =VLOOKUP(A16, Orçamento!A$6:K$1375, 10, FALSE()) -> 4244.78 | D16: 0.5 | E16: =$C16*D16 -> 2122.39 | F16: 0.5 | G16: =$C16*F16 -> 2122.39 | I16: =$C16*H16 -> 0
A17: 12. | B17: =VLOOKUP(A17, Orçamento!A$6:K$1375, 2, FALSE()) -> SERVIÇOS COMPLEMENTARES | C17: =VLOOKUP(A17, Orçamento!A$6:K$1375, 10, FALSE()) -> 4888.46 | E17: =$C17*D17 -> 0 | G17: =$C17*F17 -> 0 | H17: 1 | I17: =$C17*H17 -> 4888.46
A18: Total do Mês | D18: =E18/SUM($C6:$C17) -> 0.34299266 | E18: =SUM(E6:E17) -> 57758.314 | F18: =G18/SUM($C6:$C17) -> 0.41221334 | G18: =SUM(G6:G17) -> 69414.744 | H18: =I18/SUM($C6:$C17) -> 0.244794 | I18: =SUM(I6:I17) -> 41222.132
A19: Total Acumualdo | D19: =D18/SUM(C6:C17) -> 2.0368317e-06 | E19: =E18 -> 57758.314 | F19: =(D19+F18)/SUM($C6:$C17) -> 2.4479047e-06 | G19: =E19+G18 -> 127173.06 | H19: =(F19+H18)/SUM($C6:$C17) -> 1.4537021e-06 | I19: =G19+I18 -> 168395.19

Sheet Composições Preço Unitário
A1: Obra: | B1: =Orçamento!$B$1 -> Construção de Horta Municipal - Reservatório 10.000L | F1: Boletins de Referência
A2: Endereço: | B2: =Orçamento!$B$2 -> Rua Comandante Aristeu Cerqueira Leite, s/n.°, Jd. João Ballan II, Jahu/SP
A3: Leis Sociais: | B3: 1.2823
A6: COMPOSIÇÕES DE PREÇOS UNITÁRIOS
A7: Código | B7: CP-01 | C7: Serviço | D7: Bancada em concreto armado com revestimento cerâmico | E7: Unidade | F7: m² | G7: Preço Unitário s/ BDI | H7: =SUM(H8:H20) -> 229.67
A8: 1.1 | B8: B.01.000.010111 | C8: CDHU-I | D8: Carpinteiro | E8: H | F8: 1.5 | G8: 12.74 | H8: =ROUND(F8*G8,2) -> 19.11
A9: 1.2 | B9: B.01.000.010112 | C9: CDHU-I | D9: Ajudante de carpinteiro | E9: H | F9: 1.5 | G9: 10.47 | H9: =ROUND(F9*G9,2) -> 15.71
A10: 1.3 | B10: B.01.000.010121 | C10: CDHU-I | D10: Ferreiro/armador | E10: H | F10: 0.1 | G10: 12.74 | H10: =ROUND(F10*G10,2) -> 1.27
A11: 1.4 | B11: B.01.000.010122 | C11: CDHU-I | D11: Ajudante de ferreiro | E11: H | F11: 0.1 | G11: 10.47 | H11: =ROUND(F11*G11,2) -> 1.05
A12: 1.5 | B12: B.01.000.010139 | C12: CDHU-I | D12: Pedreiro | E12: H | F12: 2 | G12: 12.74 | H12: =ROUND(F12*G12,2) -> 25.48
A13: 1.6 | B13: B.01.000.010146 | C13: CDHU-I | D13: Servente | E13: H | F13: 3 | G13: 10.47 | H13: =ROUND(F13*G13,2) -> 31.41
A14: 1.7 | B14: B.06.000.042302 | C14: CDHU-I | D14: Tela em aço soldada nervurada CA-60, Q-61, diâmetro do fio = 3,4mm, espaçamento da malha = 15x15cm - (0,97 kg/m²) | E14: M2 | F14: 1.05 | G14: 7.5 | H14: =ROUND(F14*G14,2) -> 7.88
A15: 1.8 | B15: C.04.000.020530 | C15: CDHU-I | D15: Concreto usinado fck= 15 MPa, slump 5 ± 1cm | E15: M3 | F15: 0.05 | G15: 453.21 | H15: =ROUND(F15*G15,2) -> 22.66
A16: 1.9 | B16: D.02.000.021014 | C16: CDHU-I | D16: Sarrafo de cedrinho 2,5 x 5 cm | E16: M | F16: 5 | G16: 3.55 | H16: =ROUND(F16*G16,2) -> 17.75
A17: 1.10 | B17: D.03.000.021032 | C17: CDHU-I | D17: Chapa compensada cola PVA resinada de 12mm (2,20 x 1,10)m | E17: M2 | F17: 0.33 | G17: 28 | H17: =ROUND(F17*G17,2) -> 9.24
A18: 1.11 | B18: E.02.000.026760 | C18: CDHU-I | D18: Prego diversas bitolas (referência 18 x 27) | E18: KG | F18: 0.2 | G18: 10.22 | H18: =ROUND(F18*G18,2) -> 2.04
A19: 1.12 | B19: 87246 | C19: SINAPI | D19: REVESTIMENTO CERÂMICO PARA PISO COM PLACAS TIPO ESMALTADA DE DIMENSÕES 35X35 CM APLICADA EM AMBIENTES DE ÁREA MENOR QUE 5 M2. AF_02/2023_PE | E19: M2 | F19: 1 | G19: 74.45 | H19: =ROUND(F19*G19,2) -> 74.45
A20: 1.13 | B20: F.12.000.028008 | C20: CDHU-I | D20: Desmoldante para formas | E20: L | F20: 0.1 | G20: 16.19 | H20: =ROUND(F20*G20,2) -> 1.62

Sheet Cotações
A1: Obra: | B1: =[2]Orçamento!$B$2 -> CONSTRUÇÃO DE HORTA MUNICIPAL – ALOJAMENTO, DEPÓSITO DE FERRAMENTAS E BASE PARA RESERVATÓRIO
A2: Endereço: | B2: =[2]Orçamento!$B$3 -> Rua: Jahu/SP
A3: Data Base: | B3: =TODAY() -> 46293
A4: COTAÇÕES
A5: Código | B5: Descrição | C5: Preço Média | D5: Unidade | E5: Fornecedor | F5: CNPJ | G5: Link | H5: Data Base
A6: COT-01 | B6: Bomba Para Irrigação, 220 Vca Bifásica, 60 Hz, 1,5 CV, Aprox 6~6,5 m³/h em 20~24 MCA | C6: =AVERAGE(C7:C9) -> 2082 | D6: UN
A7: COT-01.01 | B7: Bomba Monoestágio Schneider BC-92S 1A 1,5CV Monofásico 110/220V sem Intermediário | C7: 2025 | D7: UN | G7: https://www.meritocomercial.com.br/bomba-monoestagio-schneider-bc-92s-1a-15-cv-monofasica-110v220v-sem-intermediario-4001001005296-p1031181?tsid=75&gad_source=1&gad_campaignid=16009193895&gclid=EAIaIQobChMI8eGjmLi5lgMVeFBIAB2mryONEAQYASABEgKqDfD_BwE | H7: 45786
A8: COT-01.02 | B8: Bomba Schneider BC-92S 1C 1,5CV 110/220V Monofásica | C8: 2069.1 | D8: UN | G8: https://www.bombashopping.com.br/bomba-monoestagio/bomba-schneider-monoestagio-bc-92s-1c-15cv-p7104?utm_source=google&utm_medium=cpc&utm_campaign=lojavirtual&utm_source=google&utm_medium=cpc&utm_campaign=V4_SHOPPING_PADRAO_PRESSURIZADORES&utm_content=198065428947&utm_term=&device=c&placement=&gad_source=1&gad_campaignid=23717323331&gclid=EAIaIQobChMI8eGjmLi5lgMVeFBIAB2mryONEAQYAyABEgIeOvD_BwE | H8: 45786
A9: COT-01.03 | B9: Bomba Schneider BC-92S 1A 1,5CV 127/220V Monofásica | C9: 2151.9 | D9: UN | G9: https://www.bombashopping.com.br/bomba-monoestagio/bomba-schneider-bc-92s-1a-1-5cv-trifasica-p7091?utm_source=google&utm_medium=cpc&utm_campaign=lojavirtual&utm_source=google&utm_medium=cpc&utm_campaign=V4_SHOPPING_PADRAO_PRESSURIZADORES&utm_content=198065428947&utm_term=&device=c&placement=&gad_source=1&gad_campaignid=23717323331&gclid=EAIaIQobChMI1ITa1r-5lgMVsEFIAB2QCTzpEAQYDCABEgI8oPD_BwE | H9: 45786
